 Dungeon Crawl Stone Soup version 0.21.1-1-g345015f (webtiles) character file.

38342 nicolaieve the Severer (level 13, -3/119 HPs)
             Began as a Minotaur Berserker on July 19, 2018.
             Was the Champion of Trog.
             Slain by an entropy weaver (5 damage)
             ... on level 4 of the Lair of Beasts.
             The game lasted 01:06:50 (14515 turns).

nicolaieve the Severer (Minotaur Berserker)        Turns: 14515, Time: 01:06:51

Health: -3/119     AC: 16    Str: 26    XL:     13   Next: 63%
Magic:  4/4        EV: 10    Int:  4    God:    Trog [******]
Gold:   782        SH:  0    Dex: 11    Spells: 12/12 levels left

rFire    . . .     SeeInvis .   N - +2 executioner's axe (antimagic)
rCold    . . .     Gourm    .   (shield currently unavailable)
rNeg     + . .     Faith    .   H - +14 chain mail "Sumykhla" {Slay+5}
rPois    .         Spirit   .   (helmet restricted)
rElec    .         Reflect  .   (no cloak)
rCorr    +         Harm     .   t - +0 pair of gloves
MR       .....                  (no boots)
Stlth    ..........             (no amulet)
HPRegen  0.29/turn              o - ring of positive energy
MPRegen  0.09/turn              v - ring of resist corrosion

@: corroded, berserk cooldown, slowed, very slow
A: retaliatory headbutt, horns 2
a: Berserk, Trog's Hand, Brothers in Arms, Burn Spellbooks, Renounce Religion


You were on level 4 of the Lair of Beasts.
You worshipped Trog.
Trog was exalted by your worship.
You were very hungry.

You visited 2 branches of the dungeon, and saw 17 of its levels.

You collected 995 gold pieces.
You spent 213 gold pieces at shops.

Inventory:

Hand Weapons
 w - a +2 war axe of venom
 K - a +0 flail
 N - a +2 antimagic executioner's axe (weapon)
Armour
 t - a +0 pair of gloves (worn)
 H - the +14 chain mail "Sumykhla" (worn) {Slay+5}
   (You found it on level 10 of the Dungeon)

   It affects your accuracy and damage with ranged weapons and melee attacks
   (+5).
Jewellery
 n - an uncursed ring of stealth {unknown}
 o - a ring of positive energy (left hand)
 p - an uncursed ring of see invisible
 v - a ring of resist corrosion (right hand)
 L - an uncursed amulet of regeneration {unknown}
 M - an uncursed ring of ice
Wands
 b - a wand of flame (36)
 f - a wand of clouds (10)
 r - a wand of disintegration (14)
 u - a wand of acid (17)
 D - a wand of enslavement (20)
 E - a wand of paralysis (12)
Scrolls
 d - 6 scrolls of remove curse
 i - 4 scrolls of identify
 j - 6 scrolls of teleportation
 l - 3 scrolls of enchant armour
 m - 5 scrolls of fear
 q - 5 scrolls of enchant weapon
 s - 7 scrolls of magic mapping
 x - a scroll of fog
 y - a scroll of blinking {unknown}
 z - 4 scrolls of immolation
 J - a scroll of holy word {unknown}
Potions
 a - 2 potions of ambrosia
 e - 5 potions of lignification
 g - a potion of invisibility
 h - a potion of curing
 k - 4 potions of heal wounds
 A - 2 potions of resistance
 B - a potion of might
 F - 2 potions of haste
 G - 2 potions of cancellation
 I - 2 potions of mutation
 O - a potion of degeneration {unknown}
Comestibles
 c - 28 rations
 C - 4 chunks of flesh


   Skills:
 - Level 12.4 Fighting
 + Level 20.3 Axes
 - Level 12.9 Armour
 - Level 2.1 Dodging


You had 12 spell levels left.
You didn't know any spells.

Dungeon Overview and Level Annotations

Branches:
Dungeon (12/15)            Temple (0/1) D:5            Lair (5/6) D:8
 Shoals (0/4) Lair:4        Snake (0/4) Lair:4        Slime (0/5) Lair:5
    Orc (0/2) D:12

Altars:
Ashenzari
Cheibriados
Elyvilon
Hepliaklqana
Makhleb
Nemelex Xobeh
Qazlal
Ru
Trog
Uskayaw
Yredelemnul
Zin
The Shining One
Jiyva

Shops:
D:4 =   D:6 :?=[

Annotations:
Lair:4 exclusion: oklob plant
Lair:5 2BAD's ghost, journeyman OpEE


Innate Abilities, Weirdness & Mutations

You reflexively headbutt those who attack you in melee.
You have a pair of horns on your head.


Message History

The entropy weaver hits you.
* * * LOW HITPOINT WARNING * * *
The soldier ant barely misses you. x2
The entropy weaver hits you but does no damage. x2
The entropy weaver hits you.
* * * LOW HITPOINT WARNING * * *
The entropy weaver hits you!
* * * LOW HITPOINT WARNING * * *
The soldier ant stings you.
* * * LOW HITPOINT WARNING * * *
The soldier ant completely misses you. You furiously retaliate!
You headbutt the soldier ant, but do no damage.
Unknown command.
Okay, then.
You feel better. The entropy weaver hits you!
* * * LOW HITPOINT WARNING * * *
The entropy weaver hits you.
* * * LOW HITPOINT WARNING * * *
The entropy weaver closely misses you. The entropy weaver hits you.
You die...

#.............##..<.PP##
#.P.♣♣.♣.....####......#
..♣..≈≈..≈♣...##P..^..##
....≈.≈.≈.≈≈...##....##
.≈..≈.≈.≈.≈≈..##......#
..≈≈≈≈.≈....≈≈..#....##
..≈$.≈.≈.≈≈.≈≈.......#
≈≈≈.≈..≈≈.≈...≈♣.a####
..≈≈..≈.≈≈..≈≈.♣@..#
≈≈...≈.≈.≈≈≈...aa###
..≈≈≈.≈.≈...≈≈≈..##
≈≈..≈≈.≈..≈≈..≈...##
...≈.≈P..≈.≈≈≈.♣.#.##
≈≈.≈≈.≈.≈..≈..♣.....#
≈≈....≈.≈≈≈≈........#
..≈≈.≈.≈.≈..≈....####
.♣≈≈.≈.≈.≈..♣≈.#.#


You could see an entropy weaver and 2 soldier ants.

Vanquished Creatures
  The ghost of grocchini the Geomancer, a journeyman GrEE of Vehumet (Lair:5)
  Snorg (Lair:3)
  Fannar (Lair:3)
  3 hydras
  4 two-headed ogres
  A queen ant (Lair:5)
  The ghost of nicolaieve the Severer, a novice MiBe of Trog (D:10)
  A death knight (D:8)
  A skeletal warrior (D:8)
  An unseen horror (D:7)
  A phantasmal warrior (D:8)
  2 cyclopes
  An ugly thing (D:12)
  3 elephants (Lair:5)
  2 black mambas
  Psyche (D:8)
  A gargoyle (D:11)
  2 rime drakes
  9 spiny frogs
  A freezing wraith (D:8)
  3 komodo dragons
  2 polar bears
  A queen bee (D:11)
  A troll (D:11)
  A hornet (D:10)
  Prince Ribbit (D:5)
  7 hippogriffs
  7 blink frogs
  2 wyverns
  23 yaks
  A steam dragon (D:10)
  2 basilisks
  A hungry ghost (D:5)
  4 nagas (Lair:4)
  10 soldier ants
  9 water moccasins
  6 porcupines
  8 orc warriors
  3 ice beasts
  4 sky beasts
  An eye of draining (D:8)
  3 black bears
  A phantom (D:11)
  4 necrophages (Lair:2)
  3 centaurs
  4 ogres
  12 wolves
  7 crocodiles
  A big kobold (D:9)
  A gnoll sergeant (D:6)
  11 bullfrogs
  6 scorpions
  29 killer bees
  3 wights (D:9)
  2 electric eels
  4 howler monkeys
  6 crimson imps
  A centaur zombie (D:7)
  A quasit (D:9)
  2 bullfrog zombies
  4 jellies
  9 hounds
  3 centaur skeletons
  3 orc priests
  14 orc wizards
  2 bullfrog skeletons
  A gnoll shaman (D:7)
  An iron imp (D:6)
  Jessica (D:2)
  7 iguanas
  12 worker ants
  A killer bee zombie (D:9)
  16 gnolls
  A howler monkey skeleton (D:6)
  12 adders
  2 gnoll zombies (D:6)
  2 orc zombies (D:6)
  4 shadow imps
  An adder skeleton (D:4)
  3 worms
  7 leopard geckos
  33 orcs
  6 giant cockroaches
  9 hobgoblins
  10 jackals
  5 quokkas
  9 bats
  6 frilled lizards
  9 goblins
  13 kobolds
  A leopard gecko skeleton (D:8)
  10 rats
  10 fungi
  4 plants
467 creatures vanquished.

Vanquished Creatures (others)
  7 fungi
7 creatures vanquished.

Grand Total: 474 creatures vanquished

Notes
Turn   | Place    | Note
-------+----------+-------------------------------------------
     0 | D:1      | nicolaieve the Minotaur Berserker began the quest for the Orb.
     0 | D:1      | Reached XP level 1. HP: 19/19 MP: 0/0
    83 | D:1      | Reached skill level 4 in Axes
   270 | D:1      | Reached XP level 2. HP: 18/26 MP: 1/1
   583 | D:1      | Reached skill level 5 in Axes
   861 | D:2      | Reached XP level 3. HP: 30/31 MP: 2/2
   880 | D:2      | Noticed an earth elemental
   882 | D:2      | Noticed an air elemental
   884 | D:2      | Found a stormy altar of Qazlal.
   887 | D:2      | Noticed a water elemental
   887 | D:2      | Noticed a fire elemental
   923 | D:2      | Reached ** piety under Trog
   964 | D:2      | Noticed Jessica
   974 | D:2      | Killed Jessica
   974 | D:2      | Reached skill level 6 in Axes
   974 | D:2      | Reached XP level 4. HP: 39/39 MP: 3/3
  1509 | D:3      | Reached skill level 7 in Axes
  1509 | D:3      | Reached XP level 5. HP: 17/45 MP: 4/4
  1772 | D:3      | Found a basalt altar of Yredelemnul.
  2019 | D:3      | Found a shattered altar of Ashenzari.
  2202 | D:4      | Reached *** piety under Trog
  2225 | D:4      | Found a sparkling altar of Nemelex Xobeh.
  2395 | D:4      | Found Zada's Jewellery Shop.
  2442 | D:4      | Reached skill level 8 in Axes
  2576 | D:4      | Found a hide-covered altar of Uskayaw.
  2932 | D:4      | Found a glowing golden altar of the Shining One.
  2932 | D:4      | Found a white marble altar of Elyvilon.
  2933 | D:4      | Found a glowing silver altar of Zin.
  3004 | D:5      | Entered Level 5 of the Dungeon
  3018 | D:5      | Reached XP level 6. HP: 47/51 MP: 5/5
  3067 | D:5      | Noticed Prince Ribbit
  3074 | D:5      | Reached skill level 9 in Axes
  3080 | D:5      | Killed Prince Ribbit
  3080 | D:5      | Reached XP level 7. HP: 57/57 MP: 6/6
  3086 | D:5      | Reached skill level 10 in Axes
  3132 | D:5      | Noticed a hippogriff
  3140 | D:5      | Killed a hippogriff
  3140 | D:5      | Reached skill level 11 in Axes
  3161 | D:5      | Reached XP level 8. HP: 32/64 MP: 7/7
  3413 | D:5      | Found a staircase to the Ecumenical Temple.
  3596 | D:6      | Reached skill level 12 in Axes
  3603 | D:6      | Found a sparkling altar of Nemelex Xobeh.
  3658 | D:6      | Found Ruzor's Book Emporium.
  3722 | D:6      | Found Naggirr's Magic Scroll Shop.
  3741 | D:6      | Bought a scroll of identify for 26 gold pieces
  3741 | D:6      | Bought a scroll of fog for 26 gold pieces
  3741 | D:6      | Bought a scroll of identify for 26 gold pieces
  3741 | D:6      | Bought a scroll of amnesia for 45 gold pieces
  3741 | D:6      | Bought a scroll of fear for 45 gold pieces
  3741 | D:6      | Bought a scroll of immolation for 45 gold pieces
  3813 | D:6      | Found Mucvin's Jewellery Shop.
  3929 | D:6      | Reached **** piety under Trog
  4006 | D:6      | Reached skill level 13 in Axes
  4047 | D:6      | Found a transporter.
  4199 | D:6      | Found Wuplom's Armour Emporium.
  4252 | D:6      | Found a snail-covered altar of Cheibriados.
  4398 | D:6      | Found a transporter.
  4450 | D:6      | Reached XP level 9. HP: 70/70 MP: 8/8
  4814 | D:7      | Reached skill level 14 in Axes
  5156 | D:7      | Killed an unseen horror
  5719 | D:8      | Reached skill level 5 in Fighting
  5749 | D:8      | Reached skill level 15 in Axes
  5749 | D:8      | Reached skill level 5 in Armour
  5908 | D:8      | Reached XP level 10. HP: 68/83 MP: 9/9
  5958 | D:8      | Found a hazy altar of Hepliaklqana.
  5976 | D:8      | Noticed a phantasmal warrior
  5978 | D:8      | Noticed a skeletal warrior
  5980 | D:8      | Noticed a death knight
  5990 | D:8      | Killed a phantasmal warrior
  5991 | D:8      | Killed a skeletal warrior
  6210 | D:8      | Noticed a cyclops
  6348 | D:8      | Killed a cyclops
  6581 | D:8      | Found a staircase to the Lair.
  6591 | D:8      | Killed a death knight
  6675 | D:8      | Noticed Psyche
  6677 | D:8      | Paralysed by Psyche for 3 turns
  6685 | D:8      | Killed Psyche
  6746 | D:8      | Found a burning altar of Makhleb.
  6986 | D:9      | Noticed a two-headed ogre
  6995 | D:9      | Reached skill level 16 in Axes
  7000 | D:9      | Reached XP level 11. HP: 95/95 MP: 10/10
  7003 | D:9      | Killed a two-headed ogre
  7124 | D:9      | Found a bloodstained altar of Trog.
  7331 | D:9      | Found a white marble altar of Elyvilon.
  7522 | D:9      | Noticed a two-headed ogre
  7528 | D:9      | Killed a two-headed ogre
  7528 | D:9      | Reached ***** piety under Trog
  7857 | D:10     | Entered Level 10 of the Dungeon
  8000 | D:10     | Noticed nicolaieve's ghost (novice MiBe)
  8016 | D:10     | Killed nicolaieve's ghost
  8016 | D:10     | Reached skill level 10 in Armour
  8321 | D:10     | Reached skill level 10 in Fighting
  8388 | D:10     | Got a translucent chain mail
  8399 | D:10     | Identified the +14 chain mail "Sumykhla" {Slay+5} (You found it on level 10 of the Dungeon)
  8787 | D:11     | Noticed a two-headed ogre
  8797 | D:11     | Killed a two-headed ogre
  8819 | D:11     | Received a gift from Trog
  9213 | D:11     | Noticed a two-headed ogre
  9218 | D:11     | Killed a two-headed ogre
  9218 | D:11     | Reached skill level 17 in Axes
  9290 | D:11     | Noticed a seven-headed hydra
  9443 | D:11     | Killed a seven-headed hydra
  9443 | D:11     | Reached XP level 12. HP: 90/108 MP: 11/11
  9873 | D:12     | Reached skill level 18 in Axes
 10005 | D:12     | Found a sacrificial altar of Ru.
 10116 | D:12     | Noticed a six-headed hydra
 10127 | D:12     | Killed a six-headed hydra
 10393 | D:12     | Found a staircase to the Orcish Mines.
 10606 | Lair:1   | Entered Level 1 of the Lair of Beasts
 11916 | Lair:3   | Noticed Fannar
 11918 | Lair:3   | Noticed Snorg
 12275 | Lair:3   | Killed Fannar
 12406 | Lair:3   | Reached XP level 13. HP: 78/118 MP: 12/12
 12407 | Lair:3   | Reached ****** piety under Trog
 12407 | Lair:3   | Received a gift from Trog
 12842 | Lair:3   | Killed Snorg
 12842 | Lair:3   | Received a gift from Trog
 13042 | Lair:3   | Reached skill level 19 in Axes
 13612 | Lair:4   | Found a staircase to the Shoals.
 13668 | Lair:4   | Found a staircase to the Snake Pit.
 14186 | Lair:5   | Noticed grocchini's ghost (journeyman GrEE)
 14199 | Lair:5   | Killed grocchini's ghost
 14199 | Lair:5   | Reached skill level 20 in Axes
 14404 | Lair:5   | Found a viscous altar of Jiyva.
 14405 | Lair:5   | Found a staircase to the Slime Pits.
 14479 | Lair:5   | Noticed an entropy weaver
 14480 | Lair:5   | Noticed an entropy weaver
 14513 | Lair:5   | Noticed 2BAD's ghost (journeyman OpEE)
 14515 | Lair:4   | HP: 2/119 [entropy weaver (6)]
 14515 | Lair:4   | Slain by an entropy weaver

Skill      XL: |  1  2  3  4  5  6  7  8  9 10 11 12 13 |
---------------+----------------------------------------+-----
Axes           | 4 5 6 7 8 9 11 13 15 16 17 18 20 | 20.3
Fighting       | 5 8 10 12 | 12.4
Armour         | 5 8 11 12 | 12.9
Dodging        | |  2.1

Action                   |  1- 3 |  4- 6 |  7- 9 | 10-12 | 13-15 || total
-------------------------+-------+-------+-------+-------+-------++-------
Melee: Hand axe          |    61 |   119 |    66 |       |       ||   246
       Headbutt          |     8 |    20 |    46 |   108 |    36 ||   218
       War axe           |       |       |   185 |   487 |    29 ||   701
       Flail             |       |       |       |    13 |     5 ||    18
       Executioner's axe |       |       |       |       |   114 ||   114
Invok: Berserk           |     1 |     2 |     6 |    12 |     4 ||    25
       Trog's Hand       |       |       |     3 |     4 |     1 ||     8
       Burn Spellbooks   |       |       |       |     1 |     1 ||     2
  Use: Scroll            |       |       |    10 |     9 |       ||    19
       Potion            |       |       |     2 |     2 |     1 ||     5
  Eat: Chunk             |       |     9 |    14 |    26 |    10 ||    59
       Ration            |       |       |     1 |     2 |       ||     3
Armor: Animal skin       |    13 |     9 |       |       |       ||    22
       Scale mail        |       |     5 |       |       |       ||     5
       Chain mail        |       |     7 |   124 |   317 |   152 ||   600
Dodge: Dodged            |    35 |    64 |    75 |   201 |   119 ||   494
